 Dungeon Crawl Stone Soup version 0.32-a0-7-ge934b4519a (webtiles) character file.

Game seed: 12485250523514821581

323 MichKnight the Covered (level 6, -6/47 (52) HPs)
             Began as an Armataur Fighter on Jan 14, 2024.
             Was a Follower of Uskayaw.
             Mangled by a wight
             ... wielding a +1 falchion of protection
              (10 damage)
             ... on level 4 of the Dungeon.
             The game lasted 00:07:30 (2729 turns).

MichKnight the Covered (Armataur Fighter)           Turns: 2729, Time: 00:07:33

HP:   -6/47 (52)    AC:  7    Str: 24    XL:     6   Next: 23%
MP:   6/6           EV:  7    Int: 14    God:    Uskayaw [*.....]
Gold: 180           SH:  4    Dex:  9    Spells: 2/5 levels left

rFire   . . .        a - +0 war axe
rCold   . . .        c - +0 buckler
rNeg    . . .        b - +0 scale mail
rPois   .            (no helmet)
rElec   .            (no cloak)
rCorr   .            (no gloves)
SInv    .            (no barding)
Will    .....        (no amulet) Stlth
                     j - +6 ring of intelligence
HPRegen 0.27/turn    (no ring)
MPRegen 1.75/turn

%: roll
@: mighty, drained
A: large, deformed body, tough skin 3, armoured tail, roll 1
a: Renounce Religion, Stomp


You were on level 4 of the Dungeon.
You worshipped Uskayaw.
Uskayaw was noncommittal.
You visited 1 branch of the dungeon, and saw 4 of its levels.

You collected 180 gold pieces.

Inventory:

Hand Weapons
 a - a +0 war axe (weapon)
 o - a +1 falchion of holy wrath
Missiles
 e - 23 stones
 p - 2 boomerangs (quivered)
Armour
 b - a +0 scale mail (worn)
 c - a +0 buckler (worn)
Jewellery
 j - a +6 ring of intelligence (left hand)
Talismans
 t - a blade talisman
Scrolls
 f - 2 scrolls of identify {unknown}
 g - a scroll of teleportation {unknown}
 h - 2 scrolls of amnesia {unknown}
 k - 3 scrolls of enchant weapon {unknown}
 l - 2 scrolls of noise {unknown}
 m - a scroll of butterflies {unknown}
 q - a scroll of vulnerability {unknown}
Potions
 d - 2 potions of might
 i - a potion of heal wounds {unknown}
 n - 2 potions of curing {unknown}
 r - a potion of resistance {unknown}
 s - 2 potions of berserk rage {unknown}


   Skills:
 + Level 3.8 Fighting
 + Level 3.9 Axes
 + Level 4.9 Armour
 + Level 0.1 Dodging
 + Level 4.0 Shields


You had 2 spell levels left.
You knew the following spells:

 Your Spells              Type           Power      Damage    Failure   Level
a - Magic Dart            Conj           0%         1d3       63%         1
b - Blink                 Tloc           0%         N/A       77%         2

Your spell library contained the following spells:

 Spells                   Type           Power      Damage    Failure   Level
 Call Imp                 Summ           0%         N/A       77%         2
 Mercury Vapours          Alch/Air       0%         N/A       77%         2
 Mephitic Cloud           Conj/Alch/Air  0%         N/A       94%         3
 Freezing Cloud           Conj/Ice/Air   0%         6-21      100%        5


Dungeon Overview and Level Annotations

Branches:
Dungeon (4/15)
 Temple: D:4-7

Altars:
Makhleb
Uskayaw
Yredelemnul


Innate Abilities, Weirdness & Mutations

Armour fits poorly on your strangely shaped body.
You have extremely tough skin. (AC +3)
You have a long armoured tail.
You regenerate magic when rolling toward enemies. (Rampage MPRegen)


Message History

You see here a ball python corpse.
Found a stone staircase leading up.
Found a book of Minor Magic.
You now have 180 gold pieces (gained 12).
You see here a book of Minor Magic.
You pick up a book of Minor Magic and begin reading...
Unfortunately, you learned nothing new.
You see here a ball python corpse.
A wight comes into view. It is wielding a +1 great sword.
You roll towards the wight!
A wight comes into view.
It is wielding a +1 falchion of protection.
A wight comes into view. It is wielding a +0 halberd.
You roll towards the wight!
Found 14 gold pieces.
You roll towards the wight!
The wight barely misses you. x2
You hit the wight.
The wight is moderately damaged.
You barely miss the wight. You hit the wight but do no damage.
The wight barely misses you. The wight completely misses you.
The wight hits you with a +1 great sword!
You barely miss the wight.
Your tail-slap misses the wight.
The wight is moderately damaged.
You hit the wight. You barely miss the wight.
The wight hits you with a +1 falchion of protection.
You feel drained. The wight hits you with a +0 halberd.
The wight hits you with a +1 great sword!
* * * LOW HITPOINT WARNING * * *
You feel very mighty all of a sudden. The wight hits you but does no damage.
The wight hits you with a +0 halberd.
* * * LOW HITPOINT WARNING * * *
You feel drained.
The wight hits you with a +1 great sword.
* * * LOW HITPOINT WARNING * * *
You hit the wight.
The wight is severely damaged.
You slash the wight! You hit the wight.
The wight hits you with a +1 falchion of protection.
* * * LOW HITPOINT WARNING * * *
You feel drained. The wight barely misses you. x2
The wight hits you with a +1 falchion of protection!
You die...

..###.........# ..#
#.........# ... ..#
#####..#### ... ..##
#.....# .... ...#
#.###.## .....
...#####.###..#####.....
.......#.##.............
.........##.....z.......
##......†......z@z......
#......>.##........#####
..........#........#
..........#........#
..........#........#
..........#.........$
..........#........#..
.........############.
#..........##


You could see 3 wights.

Vanquished Creatures
  A phantom (D:4)
  A bombardier beetle (D:4)
  A jelly (D:4)
  An orc priest (D:3)
  A hound (D:4)
  An orc wizard (D:3)
  2 adders (D:3)
  4 dart slugs
  5 orcs (D:3)
  7 bats
  6 endoplasms
  4 giant cockroaches
  8 goblins
  7 hobgoblins
  2 jackals (D:2)
  A quokka (D:1)
  6 ball pythons
  3 frilled lizards
  2 kobolds
  6 rats
69 creatures vanquished.

Notes
Turn   | Place    | Note
-------+----------+-------------------------------------------
     0 | D:1      | MichKnight the Armataur Fighter began the quest for the
                  | Orb.
     0 | D:1      | Reached XP level 1. HP: 18/18 MP: 1/1
   106 | D:1      | Reached XP level 2. HP: 19/25 MP: 2/2
   655 | D:2      | Reached XP level 3. HP: 31/31 MP: 3/3
  1186 | D:2      | Found a faded altar of an unknown god.
  1433 | D:3      | Found a hide-covered altar of Uskayaw.
  1460 | D:3      | Reached XP level 4. HP: 34/38 MP: 4/4
  1804 | D:3      | Became a worshipper of Uskayaw the Reveller
  1864 | D:3      | Reached * piety under Uskayaw
  1865 | D:3      | Reached XP level 5. HP: 45/45 MP: 5/5
  1877 | D:3      | Reached ** piety under Uskayaw
  2247 | D:3      | Found a burning altar of Makhleb.
  2256 | D:3      | Found a basalt altar of Yredelemnul.
  2407 | D:4      | Learned a level 1 spell: Magic Dart
  2431 | D:4      | Learned a level 2 spell: Blink
  2435 | D:4      | Noticed a phantom
  2458 | D:4      | Killed a phantom
  2459 | D:4      | Reached XP level 6. HP: 33/52 MP: 6/6
  2729 | D:4      | Mangled by a wight

Illustrated notes

Levels and vault maps discovered:
D:1:      amcnicky_arrival_wind_blow, layout_basic
D:2:      layout_basic, hellmonk_ecumenical_altar_inner_sanctum,
          grunt_decor_mini_mirrors
D:3:      layout_loops_ring, lemuel_crystal_altar, mainiacjoe_overflow_swirl,
          dk_noncrumbling_2
D:4:      layout_rooms

Skill      XL: |  1  2  3  4  5  6 |
---------------+-------------------+-----
Fighting       | 3 |  3.8
Armour         | 4 |  4.9
Axes           | 2 3 |  3.9
Shields        | 4 |  4.0
Dodging        | |  0.1

Action                     |  1- 3 |  4- 6 || total
---------------------------+-------+-------++-------
  Melee: War axe           |    94 |    93 ||   187
         Tailslap          |     6 |     7 ||    13
    Use: Potion            |       |     1 ||     1
 Armour: Scale mail        |    79 |    86 ||   165
  Dodge: Dodged            |    36 |    41 ||    77
  Block: Buckler           |    19 |    26 ||    45

Table legend: (Time is in decaauts)
 A = Elapsed time spent in this place.
 B = Non-inter-level travel time spent in this place.
 C = Inter-level travel time spent in this place.
 D = Time resting spent in this place.
 E = Time spent auto-exploring this place.
 F = Levels seen in this place.
 G = Mean time per level.
                   A        B        C        D        E       F      G
               +--------+--------+--------+--------+--------+-----+--------+
         Total |   2802 |   2740 |     62 |      0 |   1842 |   4 |  700.5 |
       Dungeon |   2802 |   2740 |     62 |      0 |   1842 |   4 |  700.5 |
               +--------+--------+--------+--------+--------+-----+--------+

Top non-repeatable levels by time:
     D:3: 1002 daAuts
     D:2: 745 daAuts
     D:1: 671 daAuts
     D:4: 382 daAuts
